 Dungeon Crawl Stone Soup version 0.21-a0-221-gfe971b9 (webtiles) character file.

55211 Gorglomux the Severer (level 14, 0/124 HPs)
             Began as a Hill Orc Earth Elementalist on Aug 24, 2017.
             Was the Champion of Okawaru.
             Slain by a two-headed ogre
             ... wielding a +0 giant spiked club
              (7 damage)
             ... on level 13 of the Dungeon.
             The game lasted 00:56:18 (24095 turns).

Gorglomux the Severer (HOEE)                       Turns: 24095, Time: 00:56:19

Health: 0/124      AC: 17    Str: 16    XL:     14   Next: 76%
Magic:  23/23      EV:  2    Int: 15    God:    Okawaru [******]
Gold:   1110       SH:  0    Dex: 11    Spells: 16/16 levels left

rFire    . . .     SeeInvis +   a - +6 broad axe (flame)
rCold    x . .     Gourm    .   K - +0 buckler
rNeg     + + +     Faith    +   q - +5 ring mail of the Eight of Swords {god gift, rElec rC- rN++ rCorr}
rPois    ∞         Spirit   .   O - +0 helmet of Mental Paralysis {MR+ Slay+2}
rElec    +         Reflect  .   C - scarf {cloud immunity} {god gift}
rCorr    +         Harm     .   (no gloves)
MR       ++...                  W - +2 pair of boots
Stlth    ++........             p - amulet of faith
HPRegen  0.30/turn              g - ring of resist corrosion
MPRegen  0.18/turn              s - ring of see invisible

@: petrified, heroism
A: no striking features
a: Heroism, Finesse, Renounce Religion


You were on level 13 of the Dungeon.
You worshipped Okawaru.
Okawaru was exalted by your worship.
You were hungry.

You visited 3 branches of the dungeon, and saw 20 of its levels.

You collected 1110 gold pieces.

Inventory:

Hand Weapons
 a - a +6 broad axe of flaming (weapon)
Missiles
 Z - 3 throwing nets (quivered)
Armour
 q - the +5 ring mail of the Eight of Swords (worn) {god gift, rElec rC- rN++ rCorr}
   (Okawaru gifted it to you on level 12 of the Dungeon)

   It makes you vulnerable to cold.
   It insulates you from electricity.
   It greatly protects you from negative energy.
   It protects you from acid and corrosion.
 C - a scarf of cloud immunity (worn) {god gift}
 K - a +0 buckler (worn)
 O - the +0 helmet of Mental Paralysis (worn) {MR+ Slay+2}
   (You found it on level 10 of the Dungeon)

   It affects your accuracy and damage with ranged weapons and melee attacks
   (+2).
   It affects your resistance to hostile enchantments.
 W - a +2 pair of boots (worn)
Jewellery
 c - an uncursed ring of protection from cold
 g - a ring of resist corrosion (left hand)
 p - an amulet of faith (around neck)
 s - a ring of see invisible (right hand)
Wands
 w - a wand of lightning (11/15)
 A - a wand of acid (4/15)
 D - a wand of digging (13/24)
 E - a wand of enslavement (3/24)
 N - a wand of disintegration (12/24)
 P - a wand of paralysis (21/24)
 S - a wand of scattershot (4/9)
Scrolls
 k - 9 scrolls of remove curse
 r - a scroll of immolation
 v - a scroll of enchant weapon
 y - 3 scrolls of recharging
 B - 6 scrolls of blinking
 M - 3 scrolls of magic mapping
 R - 2 scrolls of identify
 T - 4 scrolls of teleportation
Potions
 l - 3 potions of agility
 t - 3 potions of cancellation
 u - a potion of might
 x - 2 potions of ambrosia
 F - 4 potions of invisibility
 G - a potion of resistance
 H - 2 potions of heal wounds
 J - a potion of mutation {!q}
 Q - 6 potions of curing
 U - 3 potions of flight
 V - 3 potions of haste
 Y - 3 potions of lignification
Miscellaneous
 X - a phial of floods
Comestibles
 d - 9 bread rations
 h - 15 royal jellies
 z - 9 meat rations
 I - 23 fruits


   Skills:
 + Level 11.1(16.1) Fighting
 - Level 18.7(23.7) Axes
 + Level 7.3(12.3) Armour
 + Level 2.2(7.2) Dodging
 - Level 1.5(6.5) Stealth
 + Level 9.0(14.0) Shields
 - Level 1.5 Spellcasting
   Level 0.6 Transmutations
   Level 3.0 Earth Magic
 - Level 10.4 Invocations
 - Level 12.0 Evocations


You had 16 spell levels left.
You didn't know any spells.

Dungeon Overview and Level Annotations

Branches:
Dungeon (13/15)            Temple (1/1) D:4            Lair (6/6) D:8
  Swamp (0/4) Lair:3       Spider (0/4) Lair:4        Slime (0/5) Lair:5
    Orc (0/2) D:12
 Vaults: D:13-14

Altars:
Ashenzari
Cheibriados
Dithmenos
Elyvilon
Gozag
Nemelex Xobeh
Okawaru
Qazlal
Ru
Sif Muna
Trog
Uskayaw
Xom
Zin
The Shining One
Beogh
Jiyva

Shops:
D:8 (

Portals:
Trove: D:10 (give 23 scrolls of identify)

Annotations:
Lair:5 1 runed door


Message History

The troll barely misses you! The troll claws you! * * * don't die
* * * The deep elf mage hits you with a short sword!
The two-headed butt hits you with a giant spiked club!!! * * * don't die
* * * The two-headed ogre hits you with a giant club! * * * don't die
* * * The basilisk gazes at you!
You resist with almost no effort! The troll bites you! * * * don't die
* * * The troll claws you!!! * * * don't die
* * * The troll barely misses you!
The deep elf mage mumbles some strange words!
The deep elf mage blinks!!!
The basilisk gazes at you! You resist with almost no effort!
The two-headed ogre hits you with a giant spiked club!!! rip

#........# ###'#######
...# #...# ...#
#'####### ...# ........#
...# ........# ...#
........### ###...####
..))....'.## #.TO......
..†)....#..####.@l......
........##.......e..!.>.
........#######.........
........# #.........
......).# #.........
........# #####.####
######### ..# #+#


You could see a two-headed ogre, a deep elf mage, a troll and a basilisk.

Vanquished Creatures
  3 hydras
  Harold (Lair:2)
  3 catoblepae (Lair:6)
  The ghost of Syneil the Grappler, a novice TrMo of Wu Jian (Lair:1)
  2 two-headed ogres
  A centaur warrior (D:12)
  9 death yaks
  Nergalle (D:11)
  An unseen horror (D:12)
  2 orc knights (D:12)
  An ugly thing (D:12)
  2 manticores (Lair:6)
  A centaur zombie (D:12)
  2 cyclopes
  3 black mambas
  11 spiny frogs
  A kobold demonologist (D:13)
  12 komodo dragons
  A rime drake (Lair:2)
  2 guardian mummies (D:10)
  2 trolls (D:12)
  Prince Ribbit (Lair:2)
  12 blink frogs
  5 polar bears
  7 hippogriffs
  2 dream sheep (D:8)
  6 slime creatures (D:12)
  2 shadows (D:12)
  2 wyverns
  A vampire (D:11)
  A wraith (D:12)
  52 yaks
  3 redbacks (Lair:4)
  2 basilisks
  A hungry ghost (D:12)
  A warg (D:12)
  A steam dragon (D:11)
  4 swamp worms (Lair:3)
  An acid dragon (D:9)
  10 water moccasins
  4 porcupines
  2 hell hounds (D:8)
  2 ice beasts
  4 sky beasts
  A black bear (D:11)
  8 orc warriors
  An eye of draining (D:12)
  4 ogres
  2 necrophages
  10 centaurs
  23 wolves
  10 crocodiles
  6 big kobolds
  11 bullfrogs
  2 gnoll sergeants
  2 wyvern zombies
  A water moccasin zombie (D:5)
  3 scorpions
  2 killer bees (D:8)
  2 howler monkeys (D:11)
  3 electric eels
  12 crimson imps
  A bullfrog zombie (D:8)
  3 quasits
  3 centaur skeletons
  4 jellies
  A gnoll shaman (D:7)
  8 orc priests
  5 bullfrog skeletons
  3 hounds
  10 orc wizards
  4 iguanas
  Natasha (thrice) (D:2)
  9 worker ants
  A killer bee zombie (D:9)
  4 hound zombies
  Robin (D:4)
  2 worker ant zombies (D:6)
  17 gnolls
  14 adders
  2 shadow imps
  2 oozes (D:1)
  An adder skeleton (D:8)
  2 worms
  4 dart slugs
  4 leopard geckos
  47 orcs
  A ball python (D:5)
  5 bats
  5 giant cockroaches
  17 goblins
  13 hobgoblins
  17 kobolds
  5 quokkas
  8 frilled lizards
  2 jackal skeletons
  A leopard gecko zombie (D:9)
  5 rats
  5 fungi
  2 plants
532 creatures vanquished.

Vanquished Creatures (collateral kills)
  Gastronok (Lair:2)
  2 ugly things (D:11)
  A killer bee (D:8)
  An orc wizard (D:8)
5 creatures vanquished.

Vanquished Creatures (others)
  A killer bee (D:8)
  7 fungi
  2 plants (Lair:6)
10 creatures vanquished.

Grand Total: 547 creatures vanquished

Notes
Turn   | Place    | Note
-------+----------+-------------------------------------------
     0 | D:1      | Gorglomux the Hill Orc Earth Elementalist began the quest for the Orb.
     0 | D:1      | Reached XP level 1. HP: 14/14 MP: 3/3
    30 | D:1      | Reached skill level 1 in Fighting
    56 | D:1      | Reached XP level 2. HP: 20/24 MP: 0/4
   582 | D:1      | Reached skill level 3 in Fighting
   600 | D:1      | Reached XP level 3. HP: 16/31 MP: 5/5
  1222 | D:2      | Reached XP level 4. HP: 40/40 MP: 3/6
  1290 | D:2      | Noticed Natasha
  1302 | D:2      | Killed Natasha
  1382 | D:2      | Noticed Natasha
  1387 | D:2      | Killed Natasha
  1469 | D:2      | Found a shimmering altar of Xom.
  1471 | D:2      | Found a snail-covered altar of Cheibriados.
  1485 | D:2      | Reached XP level 5. HP: 36/48 MP: 7/7
  1860 | D:2      | Noticed Natasha
  1868 | D:2      | Killed Natasha
  2215 | D:3      | Reached skill level 6 in Fighting
  2676 | D:3      | Reached skill level 1 in Axes
  2774 | D:3      | Reached skill level 2 in Axes
  2774 | D:3      | Reached XP level 6. HP: 54/58 MP: 8/8
  3050 | D:4      | Found a sparkling altar of Nemelex Xobeh.
  3107 | D:4      | Noticed Robin
  3153 | D:4      | Killed Robin
  3310 | D:4      | Found a staircase to the Ecumenical Temple.
  3328 | Temple   | Entered the Ecumenical Temple
  3359 | Temple   | Became a worshipper of Warmaster Okawaru
  3549 | D:4      | Reached skill level 3 in Axes
  4117 | D:5      | Entered Level 5 of the Dungeon
  4176 | D:5      | Found a stormy altar of Qazlal.
  4220 | D:5      | Noticed an ice beast
  4441 | D:4      | Reached skill level 4 in Axes
  4686 | D:5      | Reached XP level 7. HP: 54/66 MP: 9/9
  4691 | D:5      | Reached skill level 5 in Axes
  5181 | D:5      | Reached skill level 6 in Axes
  5559 | D:5      | Reached * piety under Okawaru
  5559 | D:5      | Reached skill level 7 in Axes
  5735 | D:5      | Reached skill level 8 in Axes
  5735 | D:5      | Reached XP level 8. HP: 60/73 MP: 10/10
  6444 | D:6      | Reached skill level 9 in Axes
  6660 | D:6      | Reached skill level 1 in Invocations
  6769 | D:6      | Reached skill level 1 in Evocations
  7346 | D:7      | Reached skill level 3 in Invocations
  7465 | D:7      | Reached ** piety under Okawaru
  7759 | D:7      | Reached skill level 10 in Axes
  7816 | D:7      | Reached XP level 9. HP: 27/79 MP: 9/12
  8087 | D:7      | Reached skill level 3 in Evocations
  8525 | D:7      | Reached skill level 1 in Shields
  9337 | D:8      | Reached skill level 3 in Shields
  9559 | D:8      | Found Elausegg's Weapon Boutique.
  9569 | D:8      | Reached skill level 11 in Axes
  9872 | D:8      | Reached *** piety under Okawaru
  9877 | D:8      | Reached XP level 10. HP: 43/86 MP: 12/14
  9881 | D:8      | Reached skill level 12 in Axes
  9881 | D:8      | Reached skill level 6 in Evocations
 10226 | D:8      | Noticed a three-headed hydra
 10232 | D:8      | Killed a one-headed hydra
 10232 | D:8      | Reached **** piety under Okawaru
 10382 | D:8      | Found a bloodstained altar of Trog.
 10411 | D:8      | Found a staircase to the Lair.
 10863 | D:9      | Found Qeutij's Armour Shoppe.
 11043 | D:9      | Reached skill level 13 in Axes
 11459 | D:9      | Found a glowing golden altar of the Shining One.
 11466 | D:9      | Found a sacrificial altar of Ru.
 11642 | D:10     | Entered Level 10 of the Dungeon
 11744 | D:10     | Found a portal to a secret trove of treasure.
 11757 | D:10     | Reached ***** piety under Okawaru
 11757 | D:10     | Reached XP level 11. HP: 62/92 MP: 15/17
 12177 | D:10     | Got an encrusted helmet
 12188 | D:10     | Identified the +0 helmet of Mental Paralysis {MR+ Slay+2} (You found it on level 10 of the Dungeon)
 12210 | D:11     | Noticed Nergalle
 12223 | D:11     | Killed Nergalle
 12223 | D:11     | Reached skill level 14 in Axes
 12223 | D:11     | Reached skill level 9 in Evocations
 13316 | D:11     | Noticed a green ugly thing
 13317 | D:11     | Noticed a green ugly thing
 13335 | D:11     | Killed a green ugly thing
 13335 | D:11     | Received a gift from Okawaru
 13340 | D:11     | Noticed a cyclops
 13340 | D:11     | Killed a green ugly thing
 13350 | D:11     | Killed a cyclops
 13695 | D:12     | Noticed a purple ugly thing
 13705 | D:12     | Killed a purple ugly thing
 13711 | D:12     | Received a gift from Okawaru
 13716 | D:12     | Reached skill level 15 in Axes
 13719 | D:12     | Killed an unseen horror
 14026 | D:12     | Noticed an orc knight
 14041 | D:12     | Killed an orc knight
 14041 | D:12     | Received a gift from Okawaru
 14646 | D:12     | Noticed a two-headed ogre
 14658 | D:12     | Killed a two-headed ogre
 14674 | D:12     | Reached XP level 12. HP: 26/100 MP: 13/20
 14914 | D:12     | Got a crude ring mail {god gift}
 14925 | D:12     | Identified the +5 ring mail of the Eight of Swords {god gift, rElec rC- rN++ rCorr} (Okawaru gifted it to you on level 12 of the Dungeon)
 15093 | Lair:1   | Entered Level 1 of the Lair of Beasts
 15249 | Lair:1   | Noticed Syneil's ghost (novice TrMo)
 15264 | Lair:1   | Killed Syneil's ghost
 15264 | Lair:1   | Reached skill level 16 in Axes
 16196 | Lair:2   | Noticed Prince Ribbit
 16209 | Lair:2   | Killed Prince Ribbit
 16367 | Lair:2   | Noticed Harold
 16389 | Lair:2   | Killed Harold
 16389 | Lair:2   | Reached skill level 12 in Evocations
 16572 | Lair:2   | Reached skill level 1 in Armour
 16609 | Lair:2   | Noticed Gastronok
 16620 | Lair:2   | Killed Gastronok
 16620 | Lair:2   | Reached skill level 17 in Axes
 17261 | Lair:3   | Reached skill level 6 in Invocations
 17538 | Lair:3   | Reached ****** piety under Okawaru
 17538 | Lair:3   | Received a gift from Okawaru
 17542 | Lair:3   | Reached skill level 3 in Armour
 17578 | Lair:3   | Reached XP level 13. HP: 88/107 MP: 22/22
 18237 | Lair:3   | Found a staircase to the Swamp.
 18495 | Lair:4   | Reached skill level 9 in Fighting
 18574 | Lair:4   | Found a hole to the Spider Nest.
 18747 | Lair:5   | Reached skill level 6 in Shields
 19007 | Lair:5   | Found a runed door.
 19007 | Lair:5   | Found a viscous altar of Jiyva.
 19007 | Lair:5   | Noticed an azure jelly
 19007 | Lair:5   | Noticed an azure jelly
 19009 | Lair:5   | Found a staircase to the Slime Pits.
 19087 | Lair:5   | Received a gift from Okawaru
 19990 | Lair:6   | Entered Level 6 of the Lair of Beasts
 20374 | Lair:6   | Reached skill level 18 in Axes
 20434 | Lair:6   | Reached skill level 9 in Invocations
 20472 | Lair:6   | Reached XP level 14. HP: 108/119 MP: 23/23
 20665 | Lair:6   | Received a gift from Okawaru
 20945 | Lair:6   | Reached skill level 6 in Armour
 22528 | D:12     | Found a staircase to the Orcish Mines.
 22546 | D:12     | Found a roughly hewn altar of Beogh.
 22796 | D:12     | Received a gift from Okawaru
 24039 | D:13     | Reached skill level 9 in Shields
 24095 | D:13     | Slain by a two-headed ogre

Vault maps used:
D:1:      dpeg_arrival_windows_large_door
D:2:      chequers_temple_overflow_statue_of_worship, uniq_natasha
D:3:      first_bread
D:4:      nemelex_xobeh_ov_fountains_minmay, temple_statues, uniq_robin
D:5:      kennysheep_little_box
D:8:      minmay_lair_entry_lava, serial_shops, shop, hangedman_ranch,
          corexii_corridor_pit, bloody_trog
D:9:      amethyst_overflow_temple_binary, serial_shops, shop
D:10:     nicolae_trove_entry_path_of_doom
D:11:     portal_ice_cave_entry_pillars_1, uniq_nergalle
D:12:     minmay_orc_entry_temple_small, minmay_misc_feat_four_crosses,
          minmay_misc_feat_columns, lightli_minifort
D:13:     david_vaults_1, uniq_sonja
Temple:   regret_index_temple_sphere_string
Lair:1:   serial_forest, infiniplex_forest_lined_2, infiniplex_forest_3_way,
          infiniplex_forest_straight_3, infiniplex_forest_lined_3,
          infiniplex_forest_3_way
Lair:2:   grunt_megastairs_1, lemuel_fruit_tree, serial_bayou_shore_a,
          infiniplex_staircase_pool, uniq_prince_ribbit2, uniq_harold,
          uniq_gastronok
Lair:3:   nicolae_swamp_entry_splash_gauntlet
Lair:4:   spider_nest_entry_webs
Lair:5:   slime_altar_2
Lair:6:   evilmike_catoblepas_cave, grunt_megastairs_4

Skill      XL: |  1  2  3  4  5  6  7  8  9 10 11 12 13 14 |
---------------+-------------------------------------------+-----
Fighting       | 2 3 4 5 6 7 8 9 11 | 11.1
Axes           | 2 4 8 10 11 13 15 17 18 | 18.7
Invocations    | 4 6 9 10 | 10.4
Evocations     | 2 5 8 11 12 | 12.0
Shields        | 4 5 7 9 |  9.0
Armour         | 3 5 7 |  7.3
Dodging        | 2 |  2.2
Stealth        | |  1.5
Spellcasting   | |  1.5
Transmutations | |  0.6
Earth Magic    | |  3.0

Action                   |  1- 3 |  4- 6 |  7- 9 | 10-12 | 13-15 || total
-------------------------+-------+-------+-------+-------+-------++-------
Melee: Unarmed           |    12 |    10 |       |       |       ||    22
       Dagger            |    64 |       |       |       |       ||    64
       Short sword       |    29 |   149 |       |       |       ||   178
       Hand axe          |       |   151 |    81 |       |       ||   232
       War axe           |       |       |   330 |   388 |       ||   718
       Punch             |       |       |     1 |       |       ||     1
       Broad axe         |       |       |       |   177 |   545 ||   722
 Cast: Sandblast         |    23 |    41 |    28 |       |       ||    92
Invok: Heroism           |       |       |    12 |    17 |    10 ||    39
       Finesse           |       |       |       |     7 |     3 ||    10
Evoke: Wand              |       |       |     4 |     2 |       ||     6
       Phial of floods   |       |       |       |     1 |       ||     1
  Use: Scroll            |       |     4 |     5 |    14 |    11 ||    34
       Potion            |       |     1 |     1 |       |       ||     2
 Stab: Paralysed         |       |       |     3 |     3 |       ||     6
       Distracted        |       |       |       |       |     1 ||     1
  Eat: Chunk             |     2 |     9 |    17 |    24 |    22 ||    74
       Royal jelly       |       |     1 |     1 |       |       ||     2
Armor: Robe              |    10 |       |       |       |       ||    10
       Ring mail         |    22 |   170 |    82 |    59 |   158 ||   491
       Skin              |       |     4 |       |       |       ||     4
       Scale mail        |       |       |   179 |       |       ||   179
       Chain mail        |       |       |       |   218 |       ||   218
Dodge: Dodged            |    81 |   236 |   196 |   163 |   189 ||   865
Block: Buckler           |       |       |    25 |   101 |    94 ||   220

Table legend:
 A = Spawn XP
 B = Non-spawn XP
 C = Spawn XP percentage of total XP
 D = Spawn monster count
 E = Non-spawn monster count
 F = Spawn count percentage of total count
 G = Total turns spent on level
                    A         B        C        D         E        F      G
               +---------+---------+-------+---------+---------+-------+---------
         Total |   11910 |   66964 |  15.1 |      80 |     450 |  15.1 | 24095
               +---------+---------+-------+---------+---------+-------+---------
           D:1 |      17 |      34 |  33.3 |       7 |      17 |  29.2 |  1096
           D:2 |       6 |     160 |   3.6 |       2 |      18 |  10.0 |   967
           D:3 |       4 |     132 |   2.9 |       2 |      23 |   8.0 |   809
           D:4 |       5 |     236 |   2.1 |       2 |      20 |   9.1 |  1775
           D:5 |       5 |     830 |   0.6 |       2 |      20 |   9.1 |  1696
           D:6 |       0 |     425 |   0.0 |       0 |      15 |   0.0 |   803
           D:7 |      82 |     729 |  10.1 |       3 |      19 |  13.6 |  1506
           D:8 |     422 |    3679 |  10.3 |       4 |      45 |   8.2 |  2167
           D:9 |     247 |    1442 |  14.6 |       1 |      29 |   3.3 |   854
          D:10 |       0 |    1087 |   0.0 |       0 |       7 |   0.0 |   617
          D:11 |     316 |    3118 |   9.2 |       7 |      32 |  17.9 |  1863
          D:12 |    4397 |    8581 |  33.9 |      21 |      50 |  29.6 |  2553
          D:13 |     905 |    1083 |  45.5 |       1 |       7 |  12.5 |   338
        Lair:1 |     740 |    1335 |  35.7 |       6 |       4 |  60.0 |   991
        Lair:2 |     447 |    7774 |   5.4 |       1 |      27 |   3.6 |  1004
        Lair:3 |     523 |    5674 |   8.4 |       2 |      23 |   8.0 |  1385
        Lair:4 |       0 |    3440 |   0.0 |       0 |      12 |   0.0 |   327
        Lair:5 |    1718 |    6175 |  21.8 |       8 |      22 |  26.7 |  1252
        Lair:6 |    2076 |   21030 |   9.0 |      11 |      60 |  15.5 |  2035
               +---------+---------+-------+---------+---------+-------+---------
